 Dungeon Crawl Stone Soup version 0.32-a0-30-gefbe487952 (webtiles) character file.

Game seed: 3282168229498698223

303 kae the Changeling (level 6, -5/35 HPs)
             Began as a Demonspawn Shapeshifter on Jan 19, 2024.
             Slain by a hobgoblin (7 damage)
             ... led by Robin
             ... on level 3 of the Dungeon.
             The game lasted 00:02:43 (2367 turns).

kae the Changeling (Demonspawn Shapeshifter)        Turns: 2367, Time: 00:02:44

Health: -5/35      AC:  0    Str: 14    XL:     6   Next: 15%
Magic:  6/6        EV: 16    Int: 12    God:
Gold:   43         SH:  0    Dex: 15    Spells: 5/5 levels left

rFire   . .          .
                       - Unarmed
rCold   . . .        (shield currently unavailable)
rNeg    . . .        a - melded +0 animal skin
rPois   .            (helmet restricted)
rElec   .            (no cloak)
rCorr   .            (no gloves)
SInv    .            (no boots)
Will    +....        (no amulet)
Stlth   +            (no ring)
HPRegen 0.25/turn    (no ring)
MPRegen 0.10/turn

%: no passive effects
@: flux-form, enlightened, flying, glowing
A: glow, contaminating, reduced hp, antennae 1, big brain 1, demonic magic 1
a: Begin Untransformation


You were on level 3 of the Dungeon.
You were something dangerously unstable.
You visited 1 branch of the dungeon, and saw 3 of its levels.

You collected 43 gold pieces.


Innate Abilities, Weirdness & Mutations

You are something dangerously unstable.
You glow with magical radiation, making you easy to see and hit.
Foes you strike become dangerously contaminated with magical radiation.
Your maximum health is decreased, since you lack skill for your form.
You are incapable of wielding weapons or throwing items.
You have a pair of small antennae on your head.
You have an unusually large brain. (Int +2)
Spells you cast may paralyse adjacent enemies.


   Skills:
 + Level 3.1 Fighting
 - Level 1.7 Dodging
 + Level 3.9 Unarmed Combat
 * Level 4.5 Shapeshifting


You had 5 spell levels left.
You didn't know any spells.
Your spell library contained the following spells:

 Spells                   Type           Power      Damage    Failure   Level
 Call Imp                 Summ           0%         N/A       45%         2
 Sublimation of Blood     Necr           0%         N/A       45%         2
 Summon Hydra             Summ           0%         N/A       100%        7

Inventory:

Missiles
 f - 3 poisoned darts (quivered)
 h - 17 stones
Armour
 a - a +0 animal skin (melded)
 l - a +0 helmet
   (You found it on level 2 of the Dungeon)
 o - the +1 robe of Feasting {rF+ Dex+3}
   (You found it on level 3 of the Dungeon)

   Dex+3:     It affects your dexterity (+3).
   rF+:       It protects you from fire.
Talismans
 c - a beast talisman
 d - a flux talisman (active)
Scrolls
 g - a scroll of poison {!r}
 i - a scroll of vulnerability {unknown}
 k - a scroll of identify {unknown}
 m - a scroll of enchant armour {unknown}
 p - a scroll of revelation {unknown}
 q - a scroll of brand weapon {unknown}
Potions
 b - 3 potions of lignification {!q}
 e - a potion of enlightenment
 j - a potion of brilliance {unknown}
 n - a potion of might {unknown}

Dungeon Overview and Level Annotations

Branches:
Dungeon (3/15) Zot: 15644

Altars:

#.....# #....#
#####.#.#####.# ###
. ...............
..#
g.g#######.#.#######
#.# #..g.######)#
##### #.# #ggg.....#
#...# #.#
#....######)# #...#
#.# ...##
#gpg)#####...####.#
.
#.###.##............
.. #............###
## #)##.........##.
..######...####.#
### #...##..##
####...##...#
#...)......#.
#.######...##


You could see a hobgoblin (strong) and a goblin (heavy contam).


Message History

😎 HP[+1]
Your hp is fully restored (35).
You closely miss the goblin. The goblin hits you with a +0 dagger.
You hit the goblin.
The goblin shudders as magic cascades through it!
You kill the goblin! 😕 HP[-4]
You take 4 damage, and now have 31/35 hp.
You miss the goblin.
The goblin no longer looks unusually strong.
The goblin barely misses you.
You hit the goblin.
The goblin begins to glow.
You completely miss the goblin. The goblin hits you with a +0 club.
The hobgoblin closely misses you.
You hit the goblin.
You kill the goblin! 😕 HP[-4]
You take 4 damage, and now have 27/35 hp.
You hit the hobgoblin.
The hobgoblin begins to glow.
The hobgoblin closely misses you.
You hit the hobgoblin.
The hobgoblin glows dangerously bright.
Unknown command.
You hit the hobgoblin but do no damage.
The hobgoblin shudders as magic cascades through it!!
You kill the hobgoblin!
The hobgoblin barely misses you.
You barely miss the hobgoblin. 😕 HP[+1]
You barely miss the hobgoblin.
Robin roars a battlecry!
The hobgoblin goes into a battle-frenzy!
The hobgoblin closely misses you.
You hear a shout!
You hit the hobgoblin.
The hobgoblin begins to glow.
The hobgoblin hits you. 😮 HP[-5]
You take 5 damage, and now have 23/35 hp.
You hit the hobgoblin.
The hobgoblin glows dangerously bright.
The hobgoblin misses you.
You are too injured to fight recklessly!
You are too injured to fight recklessly!
You hit the hobgoblin.
The hobgoblin shudders as magic cascades through it!
You kill the hobgoblin!
Robin says, "My goblins will feast on your bones."
A goblin comes into view. It is wielding a +0 club.
You hit Robin.
Robin begins to glow.
Robin misses you.
You barely miss Robin.
Robin completely misses you. 😮 HP[+1] Unknown command.
You hit Robin.
Robin glows dangerously bright.
Robin misses you.
Unknown command.
You hit Robin.
Robin shudders as magic cascades through them.
Robin twists and deforms.
Robin closely misses you.
You hit Robin.
Robin begins to glow.
You hit Robin.
Robin glows dangerously bright.
Robin closely misses you.
Unknown command.
You barely miss Robin. Robin throws the goblin at you!
The goblin barely misses you. 😮 HP[+1]
You hit Robin.
You kill Robin!
The goblin closely misses you.
You closely miss the goblin. The hobgoblin closely misses you.
The goblin completely misses you.
You closely miss the goblin. The hobgoblin barely misses you.
The goblin hits you with a +0 club! 😮 HP[-7]
You take 7 damage, and now have 18/35 hp.
You closely miss the goblin. The hobgoblin hits you.
* * * LOW HITPOINT WARNING * * *
The goblin closely misses you. 😨 HP[-5]
You take 5 damage, and now have 13/35 hp.
Unknown command.
You hit the goblin but do no damage.
The goblin begins to glow.
The hobgoblin hits you.
* * * LOW HITPOINT WARNING * * *
The goblin hits you with a +0 club.
* * * LOW HITPOINT WARNING * * *
😱 HP[-7]
You take 7 damage, and now have 6/35 hp.
You barely miss the goblin. The goblin closely misses you.
The hobgoblin closely misses you.
Unknown command.
You hit the goblin but do no damage.
The goblin glows dangerously bright.
The goblin hits you with a +0 club.
* * * LOW HITPOINT WARNING * * *
The hobgoblin closely misses you. 😱 HP[-3]
You take 3 damage, and now have 3/35 hp.
Unknown command.
It was a potion of enlightenment.
You feel very buoyant.
You fly up into the air.
The goblin no longer looks unusually strong.
The goblin hits you with a +0 club.
* * * LOW HITPOINT WARNING * * *
The hobgoblin hits you!
You die...

Skill      XL: |  1  2  3  4  5 |
---------------+----------------+-----
Shapeshifting  | 3 4 |  4.5
Unarmed Combat | 3 |  3.9
Fighting       | 2 3 |  3.1
Dodging        | |  1.7

Action                     |  1- 3 |  4- 6 || total
---------------------------+-------+-------++-------
  Melee: Unarmed           |   133 |    96 ||   229
         Punch             |     1 |       ||     1
    Use: Scroll            |     4 |       ||     4
         Potion            |       |     1 ||     1
   Stab: Sleeping          |     3 |       ||     3
 Armour: Animal skin       |    71 |     1 ||    72
         Skin              |       |    38 ||    38
  Dodge: Dodged            |    89 |    83 ||   172
   Form: Flux              |       |     1 ||     1

Levels and vault maps discovered:
D:1:      shiori_arrival_elements, layout_rooms,
          dreamdust_ecumenical_altar_angels_and_demons
D:2:      layout_basic, minmay_misc_feat_more_columns, uniq_sigmund
D:3:      minmay_general_purpose_star, layout_loops_ring, lemuel_tele_altar,
          serial_forest, infiniplex_forest_lined_3,
          infiniplex_forest_straight_3, infiniplex_forest_fountain,
          infiniplex_forest_straight_4, infiniplex_forest_clump_medium,
          uniq_robin

Notes
Turn   | Place    | Note
-------+----------+-------------------------------------------
     0 | D:1      | kae the Demonspawn Shapeshifter began the quest for the
                  | Orb.
     0 | D:1      | Reached XP level 1. HP: 15/15 MP: 1/1
     0 | D:1      | magus.rc [v1.11.3]
   259 | D:1      | Gained mutation: You have a pair of small antennae on your
                  | head. [demonic ancestry]
   259 | D:1      | Reached XP level 2. HP: 21/21 MP: 2/2
   260 | D:1      | Reached skill level 3 in Shapeshifting
   311 | D:1      | You pick up a book of Blood and begin reading...
   311 | D:1      | You add the spells Call Imp, Sublimation of Blood and
                  | Summon Hydra to your library.
   365 | D:1      | Found a faded altar of an unknown god.
   712 | D:2      | Reached skill level 3 in Unarmed Combat
   799 | D:2      | Reached XP level 3. HP: 25/26 MP: 3/3
  1099 | D:2      | HP: 5/27 [jackal (2)]
  1415 | D:2      | Reached skill level 2 in Fighting
  1542 | D:2      | Reached XP level 4. HP: 29/33 MP: 4/4
  1651 | D:2      | Noticed Sigmund
  1672 | D:2      | Killed Sigmund
  1673 | D:2      | Reached skill level 4 in Shapeshifting
  1673 | D:2      | Gained mutation: You have an unusually large brain. (Int
                  | +2) [demonic ancestry]
  1673 | D:2      | Reached XP level 5. HP: 13/40 MP: 5/5
  2042 | D:3      | Reached skill level 3 in Fighting
  2042 | D:3      | Gained mutation: Spells you cast may paralyse adjacent
                  | enemies. [demonic ancestry]
  2042 | D:3      | Reached XP level 6. HP: 34/47 MP: 6/6
  2046 | D:3      | Identified the +1 robe of Feasting {rF+ Dex+3}
  2322 | D:3      | Noticed Robin
  2360 | D:3      | Killed Robin
  2364 | D:3      | HP: 7/35 [hobgoblin[Robin] (6)]
  2366 | D:3      | HP: 3/35 [goblin/+0 club[Robin] (3)]
  2367 | D:3      | Slain by a hobgoblin

Vanquished Creatures
  Sigmund (D:2)
  A bombardier beetle (D:3)
  Robin (D:3)
  3 adders
  A ribbon worm (D:2)
  A dart slug (D:1)
  An orc (D:3)
  3 ball pythons
  5 endoplasms
  A giant cockroach (D:2)
  5 goblins
  9 hobgoblins
  11 jackals
  7 kobolds
  5 bats
  4 frilled lizards (D:1)
  3 rats
62 creatures vanquished.

Table legend:
 A = Non-vault XP
 B = Vault XP
 C = Vault XP percentage of total XP
 D = Non-vault monster count
 E = Vault monster count
 F = Vault count percentage of total count
                 A         B        C        D         E       F
            +---------+---------+-------+---------+---------+-------
      Total |     180 |     254 |  58.5 |      54 |       8 |  12.9
            +---------+---------+-------+---------+---------+-------
        D:1 |      32 |       0 |   0.0 |      19 |       0 |   0.0
        D:2 |      71 |     226 |  76.1 |      24 |       1 |   4.0
        D:3 |      77 |      28 |  26.7 |      11 |       7 |  38.9
            +---------+---------+-------+---------+---------+-------

Skill      XL: |  1  2  3  4  5 |
---------------+----------------+-----
Shapeshifting  | 3 4 |  4.5
Unarmed Combat | 3 |  3.9
Fighting       | 2 3 |  3.1
Dodging        | |  1.7

Action                     |  1- 3 |  4- 6 || total
---------------------------+-------+-------++-------
  Melee: Unarmed           |   133 |    96 ||   229
         Punch             |     1 |       ||     1
    Use: Scroll            |     4 |       ||     4
         Potion            |       |     1 ||     1
   Stab: Sleeping          |     3 |       ||     3
 Armour: Animal skin       |    71 |     1 ||    72
         Skin              |       |    38 ||    38
  Dodge: Dodged            |    89 |    83 ||   172
   Form: Flux              |       |     1 ||     1

Illustrated notes

Table legend:
 A = Kills in this place as a percentage of kills in the entire game.
 B = Kills by you in this place as a percentage of kills by you in the entire game.
 C = Kills by friends in this place as a percentage of kills by friends in the entire game.
 D = Other kills in this place as a percentage of other kills in the entire game.
 E = Experience gained in this place as a percentage of experience gained in the entire game.
 F = Experience gained in this place divided by the number of levels of this place that you have seen.
                   A       B       C       D       E      F
               +-------+-------+-------+-------+-------+----------------------
         Total | 100.0 | 100.0 |   N/A |   N/A | 100.0 | 144.7
       Dungeon | 100.0 | 100.0 |   N/A |   N/A | 100.0 | 144.7
               +-------+-------+-------+-------+-------+----------------------

Table legend: (Time is in decaauts)
 A = Elapsed time spent in this place.
 B = Non-inter-level travel time spent in this place.
 C = Inter-level travel time spent in this place.
 D = Time resting spent in this place.
 E = Time spent auto-exploring this place.
 F = Levels seen in this place.
 G = Mean time per level.
                   A        B        C        D        E       F      G
               +--------+--------+--------+--------+--------+-----+--------+
         Total |   2354 |   2281 |     73 |     45 |   1798 |   3 |  784.7 |
       Dungeon |   2354 |   2281 |     73 |     45 |   1798 |   3 |  784.7 |
               +--------+--------+--------+--------+--------+-----+--------+

Top non-repeatable levels by time:
     D:2: 1345 daAuts
     D:1: 644 daAuts
     D:3: 363 daAuts
